Map: 어비설 리프 - 래더

Players

Solar - Winner!

  • Race: Zerg Zerg
  • Spawn Location: 5:00

herO

  • Race: Protoss Protoss
  • Spawn Location: 11:00

Event: IEM XI Katowice - World Championship 2017

VOD

https://www.youtube.com/watch?v=LY2mKe8OMco&t=9s

Description

Time

  • Played on: March 2, 2017, 8:13 a.m.
  • Length: 15:04

All games in this series

Show
View Real Time Build Order
Export as new Build Order

Solar Zerg - Winner!

Build Orders: Hatch First, Lurkers 

Get SALT Encoding   

  12  0:00  Drone  
  13  0:12  Overlord  
  13  0:16  Drone  
  14  0:30  Drone x2  
  16  0:48  Hatchery  
  15  0:51  Drone  
  15  0:55  Drone  
  17  0:59  Drone  
  18  1:05  Extractor  
  17  1:15  Spawning Pool  
  17  1:18  Drone  
  17  1:21  Drone  
  18  1:27  Drone  
  19  1:38  Overlord  
  19  1:49  Drone  
  20  2:02  Zergling x4, Queen x2  
  26  2:10  Metabolic Boost  
  26  2:14  Drone  
  27  2:17  Drone  
  28  2:24  Drone x2  
  30  2:40  Hatchery  
  30  2:42  Drone  
  31  2:44  Drone  
  31  2:46  Drone  
  31  2:50  Drone  
  33  2:54  Overlord  
  33  2:56  Drone  
  34  3:04  Drone  
  35  3:06  Drone  
  35  3:12  Queen  
  36  3:14  Zergling x2  
  36  3:15  Drone x2  
  36  3:18  Zergling x4  
  43  3:20  Zergling x2  
  43  3:23  Overlord  
  44  3:29  Spore Crawler  
  44  3:31  Drone  
  44  3:33  Overlord  
  44  3:36  Spore Crawler  
  44  3:38  Drone  
  44  3:43  Drone x2  
  44  3:47  Drone  
  44  3:48  Queen  
  47  3:50  Drone  
  47  3:52  Drone  
  47  3:53  Drone  
  47  3:55  Drone  
  53  3:57  Evolution Chamber  
  53  4:00  Drone  
  52  4:05  Drone x3  
  54  4:12  Overlord  
  54  4:14  Drone  
  54  4:16  Spore Crawler  
  54  4:17  Drone  
  54  4:18  Extractor, Baneling Nest  
  54  4:19  Drone  
  54  4:21  Drone  
  54  4:22  Drone  
  55  4:25  Zerg Melee Weapons Level 1  
  55  4:28  Drone x2  
  55  4:30  Drone  
  58  4:31  Drone  
  58  4:37  Roach Warren  
  56  4:38  Zergling x2  
  56  4:39  Zergling x4  
  56  4:42  Zergling x2  
  58  4:46  Zergling x6  
  58  4:49  Overlord  
  58  4:50  Drone  
  58  4:52  Drone  
  62  4:54  Drone  
  62  4:58  Queen, Drone x2  
  67  5:01  Extractor  
  67  5:03  Drone x2  
  67  5:06  Drone x2  
  70  5:09  Drone x2  
  70  5:10  Zergling x2  
  70  5:12  Baneling x3  
  70  5:13  Zergling x2  
  74  5:16  Zergling x2  
  74  5:19  Baneling  
  74  5:20  Baneling  
  74  5:21  Zergling x2  
  76  5:23  Spine Crawler  
  76  5:24  Roach x2  
  76  5:27  Roach  
  76  5:28  Baneling x2  
  81  5:30  Overlord  
  81  5:34  Overlord x2  
  81  5:37  Baneling  
  81  5:38  Baneling x2  
  81  5:39  Overlord  
  81  5:41  Overlord  
  81  5:43  Overlord  
  81  5:46  Overlord, Baneling  
  81  5:48  Overlord  
  81  5:51  Roach x2  
  81  5:53  Roach  
  81  5:55  Baneling x2  
  87  5:58  Zergling x6  
  87  6:01  Zergling x4  
  92  6:04  Baneling x2  
  92  6:08  Zergling x2, Roach x2  
  92  6:09  Zergling x4  
  101  6:11  Zergling x2, Roach  
  98  6:23  Zergling x6, Roach x2  
  98  6:25  Queen x2  
  104  6:30  Roach x2  
  100  6:33  Roach  
  100  6:38  Roach  
  100  6:39  Baneling  
  100  6:41  Zergling x4  
  100  6:42  Queen  
  100  6:45  Spine Crawler  
  100  6:46  Zergling x2  
  102  6:52  Roach x2  
  105  6:58  Roach  
  99  7:04  Zergling x2  
  99  7:05  Zergling x2  
  97  7:13  Roach x3  
  99  7:19  Roach  
  99  7:22  Baneling  
  100  7:23  Baneling  
  100  7:24  Zergling x4  
  100  7:29  Drone  
  101  7:38  Drone x2  
  101  7:39  Lair  
  101  7:40  Drone  
  101  7:43  Drone x6  
  110  7:44  Extractor  
  110  7:45  Drone  
  110  7:46  Ravager  
  110  7:47  Zergling x2  
  110  7:48  Zergling x4  
  114  7:54  Overlord  
  114  7:57  Drone  
  111  8:01  Drone  
  111  8:04  Drone  
  111  8:05  Extractor  
  112  8:07  Drone, Ravager  
  112  8:08  Baneling x3  
  112  8:11  Drone x7  
  121  8:15  Drone  
  121  8:16  Drone  
  121  8:18  Drone x2  
  125  8:21  Hatchery  
  125  8:22  Zergling x2  
  125  8:24  Ravager  
  126  8:27  Overlord  
  126  8:30  Zergling x4  
  128  8:34  Zergling x2  
  128  8:39  Drone  
  128  8:41  Glial Reconstitution, Drone x4  
  129  8:42  Zergling x2  
  129  8:43  Zergling x2  
  129  8:44  Overseer  
  131  8:50  Hatchery  
  131  8:51  Overlord x2  
  131  8:52  Zergling x6  
  131  8:54  Overseer  
  131  8:55  Ravager x2  
  136  8:59  Zergling x4  
  136  9:00  Centrifical Hooks  
  138  9:05  Overlord  
  138  9:06  Zergling x6  
  138  9:08  Zerg Melee Weapons Level 2  
  141  9:10  Zergling x4  
  141  9:11  Zergling x2  
  141  9:15  Extractor  
  143  9:17  Overlord  
  143  9:25  Drone x4  
  143  9:27  Hydralisk Den  
  143  9:28  Zergling x2  
  147  9:34  Spore Crawler  
  147  9:36  Overlord  
  143  9:58  Hydralisk x10  
  163  10:02  Drone x4  
  163  10:06  Drone x4  
  163  10:07  Drone x2  
  166  10:12  Muscular Augments  
  166  10:13  Zergling x4  
  168  10:16  Overlord  
  168  10:21  Overlord  
  168  10:24  Overlord  
  168  10:25  Hydralisk  
  168  10:27  Hydralisk  
  170  10:34  Hydralisk x2  
  170  10:35  Zergling x2  
  175  10:40  Drone x2  
  175  10:41  Drone  
  175  10:42  Ravager x4  
  182  10:47  Zergling x6  
  182  10:48  Zergling x2  
  182  10:49  Zergling x2  
  187  10:50  Zergling x2  
  187  10:51  Zergling x2  
  187  10:53  Zergling x2  
  187  10:54  Zergling x2  
  191  10:58  Overseer  
  191  11:00  Zergling x8  
  191  11:01  Zergling x2  
  196  11:04  Zergling x2  
  196  11:05  Zergling x6  
  196  11:08  Baneling x5  
  196  11:09  Baneling x2  
  196  11:10  Baneling  
  196  11:11  Baneling  
  199  11:16  Zergling x4  
  199  11:19  Baneling x4  
  199  11:21  Baneling x8  
  199  11:24  Zerg Missile Weapons Level 1  
  199  11:30  Zergling x2  
  200  11:42  Infestation Pit  
  200  11:45  Hatchery  
  200  11:46  Zergling x10  
  200  11:52  Lurker Den  
  199  11:56  Zergling x2  
  199  11:59  Zergling x2  
  199  12:00  Zergling x2  
  194  12:03  Hydralisk x3  
  194  12:05  Hydralisk x2  
  194  12:07  Hydralisk x2  
  194  12:08  Hydralisk  
  193  12:09  Zergling x2  
  193  12:10  Zergling x8  
  193  12:14  Zergling x6  
  193  12:15  Zergling x2  
  184  12:18  Zergling x4  
  165  12:24  Hydralisk x2  
  165  12:25  Hydralisk  
  165  12:26  Zergling x2  
  165  12:27  Zergling x2  
  165  12:28  Zergling x2  
  159  12:30  Zergling x2  
  159  12:32  Zergling x4  
  159  12:33  Zergling x2  
  159  12:36  Zergling x2  
  159  12:37  Zergling x4  
  147  12:39  Zergling x4  
  147  12:44  Zergling x2  
  147  12:45  Zergling x8  
  147  12:48  Baneling x7  
  147  12:50  Overseer  
  151  12:52  Zergling x2  
  151  12:53  Zergling x2  
  151  12:55  Zergling x2  
  151  12:56  Zergling x4  
  151  12:58  Zergling x4  
  158  13:04  Baneling x2  
  158  13:05  Baneling x9  
  158  13:09  Zergling x8  
  162  13:14  Hive  
  159  13:22  Lurker x4  
  159  13:23  Zergling x6  
  159  13:27  Drone x2  
  166  13:31  Baneling x7  
  166  13:32  Zergling x4  
  166  13:33  Zergling x2  
  166  13:34  Zergling x2  
  170  13:36  Zergling x4  
  170  13:40  Zergling x2  
  172  13:41  Zergling x4  
  172  13:43  Zergling x2  
  172  13:45  Zergling x6  
  172  13:46  Zergling x2  
  172  13:47  Zergling x2  
  173  13:49  Zergling x2  
  173  13:54  Zergling x2  
  167  13:56  Zergling x8  
  167  13:59  Zergling x8  
  167  14:02  Zergling x2  
  175  14:04  Zergling x8  
  175  14:06  Zergling x2  
  175  14:08  Zergling x2  
  176  14:10  Zergling x2  
  176  14:11  Zergling x4  
  176  14:14  Zergling x6  
  176  14:15  Zergling x2  
  176  14:16  Baneling x2  
  176  14:17  Baneling  
  176  14:18  Baneling  
  176  14:30  Lurker x4  
  180  14:32  Viper  
  180  14:33  Zergling x2  
  180  14:36  Zergling x6  
  187  14:39  Overlord  
  187  14:44  Zergling x6  
  193  14:47  Zergling x2  
Show
View Real Time Build Order
Export as new Build Order

herO Protoss 

Build Orders: Nexus First, Oracle Opening 

Get SALT Encoding   

  12  0:00  Probe (Chrono Boost)  
  13  0:11  Probe (Chrono Boost)  
  14  0:17  Pylon  
  14  0:22  Probe (Chrono Boost)  
  16  0:35  Probe (Chrono Boost)  
  16  0:46  Probe (Chrono Boost)  
  17  1:01  Nexus  
  17  1:03  Probe (Chrono Boost)  
  18  1:14  Gateway  
  18  1:17  Probe (Chrono Boost)  
  19  1:22  Assimilator  
  19  1:28  Probe (Chrono Boost)  
  19  1:30  Assimilator  
  20  1:38  Probe (Chrono Boost)  
  21  1:44  Gateway  
  21  1:49  Probe (Chrono Boost)  
  22  1:59  Probe (Chrono Boost)  
  23  2:01  Cybernetics Core  
  23  2:13  Probe x2 (Chrono Boost)  
  25  2:23  Probe (Chrono Boost)  
  25  2:24  Probe (Chrono Boost)  
  27  2:34  Adept  
  27  2:35  Probe x2 (Chrono Boost)  
  29  2:37  Adept  
  29  2:38  Stargate  
  29  2:40  Warp Gate  
  33  2:47  Probe (Chrono Boost)  
  33  2:49  Probe (Chrono Boost)  
  35  2:53  Pylon  
  36  2:58  Probe (Chrono Boost)  
  36  3:00  Probe (Chrono Boost)  
  37  3:09  Probe (Chrono Boost)  
  37  3:12  Adept, Probe (Chrono Boost)  
  41  3:16  Oracle  
  41  3:19  Gateway  
  41  3:22  Probe (Chrono Boost)  
  41  3:26  Probe (Chrono Boost)  
  46  3:34  Probe (Chrono Boost)  
  46  3:41  Twilight Council  
  46  3:47  Pylon  
  46  3:55  Robotics Facility  
  46  4:05  Probe x2 (Chrono Boost)  
  46  4:09  Resonating Glaives  
  43  4:11  Gateway  
  43  4:22  Gateway  
  43  4:24  Gateway  
  43  4:26  Gateway  
  43  4:33  Nexus  
  39  4:46  Warp Prism  
  39  4:47  Adept  
  39  4:48  Adept x2  
  47  4:57  Pylon  
  47  5:04  Probe x2 (Chrono Boost)  
  47  5:05  Pylon  
  49  5:08  Pylon  
  49  5:13  Adept x2  
  53  5:16  Pylon  
  53  5:23  Pylon  
  53  5:34  Adept x4  
  53  5:35  Adept x3  
  67  5:37  Pylon  
  67  5:57  Adept x5  
  67  5:58  Adept  
  78  6:12  Adept  
  66  6:28  Probe x2 (Chrono Boost)  
  58  6:36  Adept  
  58  6:37  Adept x6  
  58  6:38  Probe (Chrono Boost)  
  58  6:39  Probe (Chrono Boost)  
  68  6:49  Probe x2 (Chrono Boost)  
  64  7:00  Probe x2 (Chrono Boost)  
  66  7:07  Assimilator, Immortal  
  66  7:08  Assimilator  
  66  7:10  Probe (Chrono Boost)  
  66  7:12  Probe (Chrono Boost)  
  68  7:18  Phoenix  
  70  7:25  Probe (Chrono Boost)  
  70  7:26  Probe (Chrono Boost)  
  72  7:37  Probe (Chrono Boost), Stalker  
  74  7:38  Probe (Chrono Boost)  
  74  7:40  Phoenix  
  74  7:41  Immortal  
  78  7:49  Pylon  
  78  7:51  Forge  
  82  8:02  Phoenix  
  82  8:05  Nexus  
  84  8:08  Pylon  
  84  8:15  Immortal  
  84  8:26  Phoenix  
  88  8:31  Protoss Ground Weapons Level 1  
  88  8:41  Probe x2 (Chrono Boost)  
  88  8:45  Sentry  
  88  8:48  Pylon  
  90  8:51  Phoenix  
  90  8:52  Probe (Chrono Boost)  
  90  8:53  Probe (Chrono Boost)  
  94  8:57  Assimilator  
  94  9:00  Immortal  
  94  9:01  Assimilator  
  98  9:03  Probe x2 (Chrono Boost)  
  98  9:09  Sentry  
  102  9:10  Pylon, Sentry  
  102  9:14  Probe x2 (Chrono Boost)  
  102  9:16  Blink  
  106  9:26  Probe (Chrono Boost)  
  106  9:27  Probe x2 (Chrono Boost)  
  109  9:34  Immortal  
  109  9:41  Probe x3 (Chrono Boost)  
  116  9:48  Robotics Bay  
  117  9:53  Pylon, Probe (Chrono Boost)  
  117  9:55  Stalker x2  
  121  10:11  Stalker x3, Protoss Ground Weapons Level 2  
  131  10:22  Nexus  
  131  10:26  Robotics Facility  
  131  10:32  Disruptor  
  131  10:39  Stalker x4  
  131  10:41  Pylon  
  138  10:45  Stalker  
  138  10:50  Stalker  
  138  10:55  Photon Cannon  
  140  11:02  Probe x3 (Chrono Boost)  
  140  11:03  Disruptor  
  143  11:11  Disruptor  
  146  11:17  Probe x3 (Chrono Boost)  
  152  11:23  Photon Cannon  
  152  11:27  Sentry x2, Photon Cannon  
  156  11:34  Disruptor, Pylon  
  156  11:35  Pylon x2  
  156  11:36  Pylon  
  155  11:47  Stalker  
  155  11:48  Stalker x3  
  163  11:56  Stalker x2  
  163  11:57  Stalker  
  140  12:16  Protoss Ground Weapons Level 3  
  140  12:20  Stalker x5  
  111  12:36  Disruptor  
  107  12:44  Pylon  
  107  12:50  Pylon, Probe (Chrono Boost), Immortal  
  107  12:51  Probe x2 (Chrono Boost)  
  110  12:52  Probe (Chrono Boost)  
  111  13:03  Probe x3 (Chrono Boost)  
  111  13:05  Sentry x2  
  118  13:07  Gateway  
  118  13:09  Observer  
  120  13:13  Probe x2 (Chrono Boost)  
  120  13:15  Probe x2 (Chrono Boost)  
  123  13:24  Probe (Chrono Boost)  
  123  13:25  Probe (Chrono Boost)  
  123  13:26  Disruptor  
  127  13:27  Probe x2 (Chrono Boost)  
  127  13:29  Disruptor  
  133  13:43  Stalker x3  
  135  13:57  Stalker  
  123  14:13  Stalker  
  125  14:17  Pylon  
  125  14:19  Pylon  
  125  14:36  Sentry x3  
  125  14:37  Zealot, Sentry  
  135  14:43  Pylon  
  135  14:44  Pylon  

Tags
 
Add a new tag
Caveats
  • Supply blocks, unpowered buildings, or Contaminate may cause inaccurate times.
  • Supply counts are checked every 10 seconds.